 Dungeon Crawl Stone Soup version 0.19.5 (webtiles) character file.

808 Azzok the Fighter (level 7, 0/68 HPs)
             Began as a Minotaur Fighter on July 14, 2017.
             Slain by an ogre
             ... wielding a +0 giant spiked club
              (11 damage)
             ... on level 3 of the Dungeon.
             The game lasted 00:06:51 (3724 turns).

Azzok the Fighter (Minotaur Fighter)                Turns: 3724, Time: 00:06:53

Health: 0/68       AC: 17    Str: 21    XL:     7   Next: 60%
Magic:  6/6        EV:  4    Int:  5    God:
Gold:   293        SH:  9    Dex: 11    Spells: 0 memorised, 6 levels left

rFire  . . .     SeeInvis .     a - +0 long sword
rCold  . . .     Gourm    .     y - +0 plate armour
rNeg   . . .     Faith    .     c - +0 shield
rPois  .         Spirit   .     (helmet restricted)
rElec  .         Reflect  .     v - +2 cloak
rCorr  .         Harm     .     w - +0 pair of gloves (curse)
MR     .....                    (no boots)
Stlth  ..........               (no amulet)
                                n - +1 ring of protection
                                e - ring of flight

@: no status effects
A: retaliatory headbutt, horns 2
a: Evoke Flight


You were on level 3 of the Dungeon.
You were not hungry.

You visited 1 branch of the dungeon, and saw 4 of its levels.
You also visited: Sewer.

You collected 293 gold pieces.

Inventory:

Hand Weapons
 a - a +0 long sword (weapon)
Armour
 c - a +0 shield (worn)
 v - a +2 cloak (worn)
 w - a cursed +0 pair of gloves (worn)
 y - a +0 plate armour (worn)
Jewellery
 e - a ring of flight (left hand)
 n - a +1 ring of protection (right hand)
Scrolls
 g - a scroll of immolation {unknown}
 h - 2 scrolls of recharging {unknown}
 i - 2 scrolls of fog {unknown}
 j - 3 scrolls of identify {unknown}
 l - 2 scrolls of remove curse {unknown}
 m - 2 scrolls of blinking {unknown}
 o - 3 scrolls of teleportation {unknown}
 p - a scroll of random uselessness {unknown}
 r - a scroll of torment {unknown}
Potions
 b - a potion of ambrosia {unknown}
 d - a potion of might
 k - a potion of curing {unknown}
 s - a potion of berserk rage {unknown}
 u - a potion of flight {unknown}
Comestibles
 f - 5 bread rations {@e1}
 q - a slice of pizza
 t - 2 chunks of flesh {@w0}
 x - 2 meat rations {@e2}


   Skills:
 + Level 8.0 Fighting
 + Level 7.3 Long Blades
 - Level 4.0 Armour
 - Level 4.0 Shields


You had 6 spell levels left.
You didn't know any spells.

Dungeon Overview and Level Annotations

Branches:
Dungeon (4/15)
 Temple: D:4-7

Altars:
Cheibriados
Fedhas
Qazlal
Ru
Vehumet
Xom

Shops:
D:4 :

Annotations:
D:4 Menkaure


Innate Abilities, Weirdness & Mutations

You reflexively headbutt those who attack you in melee.
You have a pair of horns on your head.


Message History

You block the ogre's attack.
You climb upwards.
There is a stone staircase leading down here.
Your shield prevents you from hitting the ogre.
The ogre hits you with a giant spiked club!
You take 10 damage, and have 24/68 hp.
You hit the ogre.
The ogre is moderately wounded.
The ogre hits you with a giant spiked club!
* * * LOW HITPOINT WARNING * * *
You take 14 damage, and have 10/68 hp.
MASSIVE DAMAGE!!
You hit the ogre.
The ogre is moderately wounded.
You hit the ogre.
The ogre is heavily wounded.
The ogre hits you but does no damage.
You hit the ogre. You headbutt the ogre!
The ogre is almost dead.
The ogre hits you with a giant spiked club!
You die...

▒·▒▒▒))) ▒▒▒▒▒▒▒▒▒▒▒ ▒·▒
▒))) ▒··>······▒ ▒·▒
♣♣·P ··▒▒▒▒▒▒▒·▒ ▒·▒
♣··P ▒▒·▒▒ ▒·▒ ▒▒▒▒▒ ▒·▒
♣♣·♣ ▒▒·▒ ▒·▒ ▒···▒ ▒·▒
♣·♣♣ ▒·▒ ▒·▒
▒▒▒···▒▒▒▒▒▒▒▒·▒ ♣♣·♣
▒▒·▒ ▒·▒
▒··O····▒······▒ ♣·♣
▒▒·▒▒ ▒·▒
▒···@··········▒ ♣♣·
··▒▒
▒·▒▒▒·······▒▒▒▒▒▒▒▒ ▒▒'
·▒▒ ▒·▒·······▒▒▒▒▒▒▒▒▒▒
▒·) ·▒ ▒····▒▒···▒
▒······▒ ▒·· ·▒
▒▒▒▒▒▒▒··▒▒▒·▒▒ ▒·▒▒▒▒▒▒
▒·· ·▒ ▒············▒
▒·▒ ▒▒▒ ·▒
▒·▒▒▒▒▒···▒▒▒▒▒▒▒·▒▒▒▒▒▒
·▒▒▒▒·▒
▒···▒▒▒▒▒········▒▒▒▒▒▒
······▒
▒▒·················▒···▒


You could see an ogre.

Vanquished Creatures
  3 ogres (D:4)
  2 bullfrogs (Sewer)
  A howler monkey (D:4)
  Crazy Yiuf (D:3)
  A hound (D:4)
  A worker ant (D:3)
  11 adders
  16 oozes
  2 worms (D:3)
  4 dart slugs
  18 leopard geckos
  5 orcs
  8 ball pythons
  12 giant cockroaches
  2 goblins
  8 hobgoblins
  4 jackals (D:3)
  5 kobolds
  4 quokkas
  4 bats
  12 frilled lizards
  8 rats
  2 fungi (D:3)
134 creatures vanquished.

Notes
Turn   | Place    | Note
-------+----------+-------------------------------------------
     0 | D:1      | Azzok the Minotaur Fighter began the quest for the Orb.
     0 | D:1      | Reached XP level 1. HP: 19/19 MP: 0/0
   126 | D:1      | Reached XP level 2. HP: 27/27 MP: 1/1
   196 | D:1      | Reached skill level 4 in Fighting
   453 | D:1      | Reached XP level 3. HP: 28/33 MP: 2/2
   937 | D:2      | Found a snail-covered altar of Cheibriados.
   991 | D:2      | Found a faded altar of an unknown god.
  1099 | D:3      | Found a glowing drain.
  1107 | Sewer    | Entered a sewer
  1156 | Sewer    | Reached XP level 4. HP: 38/41 MP: 3/3
  1199 | Sewer    | Reached skill level 5 in Fighting
  1362 | Sewer    | Reached XP level 5. HP: 27/48 MP: 4/4
  1820 | Sewer    | Reached skill level 6 in Fighting
  1820 | Sewer    | Reached skill level 5 in Long Blades
  1820 | Sewer    | Reached XP level 6. HP: 17/57 MP: 5/5
  2280 | D:3      | Found a radiant altar of Vehumet.
  2285 | D:3      | Found a blossoming altar of Fedhas.
  2285 | D:3      | Found a sacrificial altar of Ru.
  2438 | D:3      | Found a runed door.
  2442 | D:3      | Noticed Crazy Yiuf
  2451 | D:3      | Killed Crazy Yiuf
  2918 | D:3      | Found a stormy altar of Qazlal.
  3005 | D:4      | Reached skill level 7 in Fighting
  3005 | D:4      | Reached XP level 7. HP: 55/66 MP: 6/6
  3218 | D:4      | Found Enilox's Book Shop.
  3670 | D:4      | Found a shimmering altar of Xom.
  3701 | D:4      | Reached skill level 8 in Fighting
  3702 | D:4      | Noticed Menkaure
  3724 | D:3      | Slain by an ogre

Skill      XL: |  1  2  3  4  5  6  7 |
---------------+----------------------+-----
Fighting       | 4 5 6 7 8 |  8.0
Armour         | 4 |  4.0
Shields        | 4 |  4.0
Long Blades    | 3 4 5 6 7 |  7.3

Action                   |  1- 3 |  4- 6 |  7- 9 || total
-------------------------+-------+-------+-------++-------
Melee: Long sword        |    86 |   238 |    58 ||   382
       Headbutt          |    14 |    32 |    11 ||    57
  Eat: Chunk             |     1 |     7 |     2 ||    10
Armor: Scale mail        |    40 |   142 |    10 ||   192
       Plate armour      |       |       |    13 ||    13
Dodge: Dodged            |    35 |    76 |    12 ||   123
Block: Shield            |    47 |   173 |    28 ||   248
       Rpst.: Long sword |     4 |    16 |     4 ||    24
